[Event "*** Titled Tuesday 3|2 Blitz"]
[Site "Chess.com"]
[Date "2015.04.07"]
[Round "3"]
[White "jbj"]
[Black "jefferyx"]
[Result "1/2-1/2"]
[WhiteElo "2283"]
[BlackElo "2118"]
[TimeControl "180+2"]
[EndTime "11:35:00 PDT"]
[Termination "Game drawn by repetition"]

1. e4 a6 2. Nf3 b5 3. c3 Bb7 4. Bd3 e6 5. a4 Nf6 6. axb5 axb5 7. Rxa8 Bxa8 8. e5 Nd5 9. Bxb5 Nf4 10. Bf1 Bxf3 11.
Qxf3 Qg5 12. Qe4 Nc6 13. g3 Nd5 14. f4 Qg6 15. Qxg6 hxg6 16. Bg2 g5 17. Bxd5 exd5 18. d4 g4 19. Nd2 Ne7 20. Nf1 Nf5 21. Kf2 c5 22.
Ne3 Nxe3 23. Bxe3 c4 24. Kg2 f5 25. Ra1 Kf7 26. Ra5 Ke6 27. Ra8 Rg8 28. h3 gxh3+ 29. Kxh3 Kf7 30. Kg2 Be7 31. Rxg8 Kxg8 32. Kf3 Kf7 33.
g4 Ke6 34. Kg3 Bd8 35. g5 g6 36. Kf2 d6 37. Ke2 Kd7 38. Kd2 Bb6 39. exd6 Kxd6 40.
Kc2 Kc6 41. Kb1 Kb5 42. Ka2 Ka4 43. Bd2 Bc7 44. Be3 Bb8 45. Bd2 Bc7 46. Bc1 Bd6 47.
Bd2 Bb8 48. Bc1 Bc7 49. Bd2 Bd6 50. Bc1 Bb8 51. Bd2 Bc7 1/2-1/2

[Event "*** Titled Tuesday 3|2 Blitz"]
[Site "Chess.com"]
[Date "2015.04.07"]
[Round "3"]
[White "Imre91"]
[Black "rhungaski"]
[Result "1-0"]
[WhiteElo "2562"]
[BlackElo "2442"]
[TimeControl "180+2"]
[EndTime "11:35:17 PDT"]
[Termination "Imre91 won by resignation"]

1. d4 d5 2. Nf3 Nf6 3. g3 b5 4.
Bg2 Bb7 5. O-O e6 6. c3 c5 7.
a4 b4 8. Ne5 a5 9. c4 Nbd7 10. b3 cxd4 11. Nxd7 Qxd7 12. Qxd4 Rc8 13. Bb2 Bc5 14. Qd3 Ba6 15. Bxf6 gxf6 16. Rd1 Qa7 17. e3 dxc4 18. bxc4 Ke7 19. Nd2 f5 20. Nb3 Rhd8 21.
Qe2 Qb6 22. Qh5 Bxc4 23. Qh4+ Ke8 24. Rxd8+ Rxd8 25. Qxc4 Bxe3 26. fxe3 Qxe3+ 27. Kh1 Rd3 28. Qc8+ Ke7 29. Qc5+ Qxc5 30. Nxc5 Rc3 31. Nb7 b3 32. Rb1 b2 33. Bf1 Rc1 34. Rxb2 Rxf1+ 35. Kg2 Ra1 36. Nc5 Kd6 37. Rb5 Ra2+ 38. Kh3 e5 39. Nb7+ Ke6 40.
Nd8+ Kf6 41. Rb6+ Kg7 42. Rb5 Rxa4 43. Rxe5 Kf6 44. Rb5 Ra2 45. Rb6+ Ke7 46. Nc6+ Kd7 47. Ne5+ Ke7 48. Ra6 a4 49. Nc6+ Kf6 50. Nb4+ 1-0

[Event "*** Titled Tuesday 3|2 Blitz"]
[Site "Chess.com"]
[Date "2015.04.07"]
[Round "3"]
[White "gumersindo"]
[Black "AndrewMcStone"]
[Result "0-1"]
[WhiteElo "2111"]
[BlackElo "1943"]
[TimeControl "180+2"]
[EndTime "11:35:42 PDT"]
[Termination "AndrewMcStone won by checkmate"]

1. d4 Nf6 2. c4 Nc6 3. Nc3 e5 4. d5 Ne7 5. e4 Ng6 6. Be3 Bb4 7. f3 Bxc3+ 8. bxc3 O-O 9. c5 d6 10. Ne2 Nh5 11. Qd2 f5 12. exf5 Rxf5 13. Ng3 Qh4 14. Bf2 Nxg3 15. Bxg3 Qe7 16. Bd3 Rf7 17. cxd6 cxd6 18. O-O Nf4 19. Be4 Qg5 20. Kh1 Bd7 21. c4 b6 22. a4 Rc8 23. a5 Rxc4 24. axb6 axb6 25. Ra8+ Rf8 26. Ra7 Bf5 27. Bxf5 Qxf5 28.
Qb2 Rc2 29. Qxb6 Nxg2 30. Qxd6 Nf4 31. Rg1 h6 32. Rxg7+ Kxg7 33. Bxf4+ Kf7 34. Qc7+ Rxc7 35. Bxh6 Qxf3+ 36. Rg2 Rg8 37. Bg7 Rxg7 38. d6 Qxg2# 0-1

[Event "*** Titled Tuesday 3|2 Blitz"]
[Site "Chess.com"]
[Date "2015.04.07"]
[Round "3"]
[White "GMBenjaminBok"]
[Black "iFrancisco"]
[Result "1-0"]
[WhiteElo "2440"]
[BlackElo "2216"]
[TimeControl "180+2"]
[EndTime "11:35:59 PDT"]
[Termination "GMBenjaminBok won by resignation"]

1. e4 e5 2. Nf3 Nc6 3. Bb5 a6 4. Ba4 Nf6 5. O-O Nxe4 6. d4 b5 7. Bb3 d5 8. dxe5 Be6 9. Nbd2 Bc5 10. Qe2 Bf5 11. Nxe4 dxe4 12. Ng5 O-O 13. Nxe4 Nd4 14. Qe1 Nxb3 15. axb3 Bb6 16. Qe2 Re8 17. Ng3 Bg6 18.
Re1 Qe7 19. c3 h5 20. Bf4 h4 21. Ne4 f6 22. b4 h3 23. Qg4 Bxe4 24. Rxe4 hxg2 25.
Rae1 Qf7 26. e6 Qe7 27. Kxg2 Rad8 28. Rd1 Rxd1 29. Qxd1 Rd8 30. Qg4 Rd5 31. Re2 c6 32. Rd2 g5 33. Rxd5 cxd5 34. h4 Bd8 35. hxg5 fxg5 36.
Be3 Kf8 37. Qf5+ Kg8 38. Bd4 Qh7 39. Qxd5 Be7 40. Qa8+ Bf8 41. Bc5 Qf5 42. Qxf8+ Qxf8 43. Bxf8 Kxf8 44. Kf3 1-0

[Event "*** Titled Tuesday 3|2 Blitz"]
[Site "Chess.com"]
[Date "2015.04.07"]
[Round "3"]
[White "Dlugy"]
[Black "bugsbunny444"]
[Result "1-0"]
[WhiteElo "2516"]
[BlackElo "2293"]
[TimeControl "180+2"]
[EndTime "11:36:08 PDT"]
[Termination "Dlugy won on time"]

1. d4 e6 2. c4 b6 3. e4 Bb7 4.
Bd3 Bb4+ 5. Bd2 Bxd2+ 6. Nxd2 Qf6 7. Ngf3 Nc6 8. e5 Qf4 9. g3 Qh6 10. O-O Nge7 11. Be4 f5 12. exf6 Qxf6 13. d5 exd5 14. cxd5 Nd8 15. Nc4 Nf7 16. Re1 O-O 17. Qd3 Ng6 18. h4 Rfe8 19. Re2 Nf8 20. Rae1 h6 21. b4 Kh8 22. a4 d6 23. Nd4 Ne5 24. Nxe5 Rxe5 25.
f4 Re7 26. Nf5 Ree8 27. h5 Rad8 28. Bf3 Bc8 29. Nd4 Rxe2 30. Rxe2 Qf7 31. f5 Nd7 32. Ne6 Re8 33. g4 Ne5 34. Qc3 Bxe6 35. dxe6 Qe7 36. Kg2 Rc8 37. b5 Qf6 38. Re3 Qe7 39.
Kg3 Rf8 40. Qd4 Re8 41. Rc3 Qf6 42. Qe3 Re7 43. Rc2 Kg8 44. Bd5 Kh7 45. Qf4 Kh8 46. Rg2 Qg5 47. Qxg5 hxg5 48. h6 gxh6 49. f6 Re8 50. e7 Ng6 51. Bf7 1-0

[Event "*** Titled Tuesday 3|2 Blitz"]
[Site "Chess.com"]
[Date "2015.04.07"]
[Round "3"]
[White "jcibarra"]
[Black "MattyDPerrine"]
[Result "1-0"]
[WhiteElo "2530"]
[BlackElo "2198"]
[TimeControl "180+2"]
[EndTime "11:36:08 PDT"]
[Termination "jcibarra won by resignation"]

1. e4 c5 2. Nf3 e6 3. d4 cxd4 4.
Nxd4 Nc6 5. Nc3 Qc7 6. Be3 a6 7. Qd2 Nf6 8. O-O-O Bb4 9. f3 Ne7 10. Nde2 d5 11. a3 Bd6 12. Bg5 Be5 13. exd5 Nfxd5 14. Nxd5 Nxd5 15. Kb1 f6 16. Bh4 Bd7 17. Bg3 Rc8 18. Bxe5 Qxe5 19. Nd4 Qe3 20. Nxe6 Bxe6 21. Qxe3 Nxe3 22.
Re1 Nxf1 23. Rxe6+ Kf7 24. Re2 Nxh2 25. Rxh2 h5 26. Rh4 g6 27. Rb4 Rc7 28. Rb6 Kg7 29. Re4 Rd8 30. Kc1 Rcd7 31. b3 Rd1+ 32. Kb2 R8d7 33. Reb4 R1d2 34. Rxb7 Rxb7 35. Rxb7+ Kh6 36. g3 Rf2 37. f4 h4 38. gxh4 Rxf4 39. c4 Rxh4 40.
c5 Rh2+ 41. Kc3 Rh1 42. Kc2 Rh2+ 43. Kd3 Rh1 44. Rb4 Rh3+ 45. Kd4 Rh4+ 46. Kd5 Rh1 47. c6 Rc1 48. Rc4 Rd1+ 49. Ke6 Rd8 50. Kxf6 1-0

[Event "*** Titled Tuesday 3|2 Blitz"]
[Site "Chess.com"]
[Date "2015.04.07"]
[Round "3"]
[White "chillinx"]
[Black "grandmastergauri"]
[Result "1-0"]
[WhiteElo "2294"]
[BlackElo "2271"]
[TimeControl "180+2"]
[EndTime "11:36:36 PDT"]
[Termination "chillinx won by checkmate"]

1. Nf3 Nf6 2. g3 b6 3. Bg2 Bb7 4. O-O g6 5. d3 d5 6. Nbd2 Bg7 7. e4 dxe4 8. dxe4 Nxe4 9. Ng5 Nd6 10. Bxb7 Nxb7 11. Nxf7 Kxf7 12. Qf3+ Bf6 13. Qxb7 Nd7 14. Ne4 Nc5 15. Nxc5 bxc5 16. Qb3+ Kg7 17. c3 Qd3 18. Rd1 Qe2 19. Be3 Rab8 20. Rd2 Qf3 21.
Qd1 Qe4 22. Bxc5 Rb5 23. Re2 Qf5 24. Bxe7 Be5 25. f4 Bxf4 26. gxf4 Re8 27. Qd4+ Kf7 28. Qc4+ Rd5 29. Rae1 Kg7 30. Qe4 Qg4+ 31. Qg2 Qxf4 32. Bf6+ Qxf6 33. Rxe8 Rf5 34. R8e7+ Kh6 35. R7e3 Rg5 36.
Rg3 Qb6+ 37. Kh1 Rf5 38. Rf3 Rg5 39. Qh3+ Rh5 40. Qg2 Qc6 41. Rg3 Qd6 42. Rh3 Qe5 43. Rxh5+ Qxh5 44. Re2 Qf5 45. Rf2 Qb1+ 46. Qg1 Qe4+ 47.
Qg2 Qb1+ 48. Rf1 Qxa2 49. h3 Kg7 50. Qf2 Qe6 51. Qf8# 1-0

[Event "*** Titled Tuesday 3|2 Blitz"]
[Site "Chess.com"]
[Date "2015.04.07"]
[Round "3"]
[White "Tilicheev_Viacheslav"]
[Black "jup1978"]
[Result "0-1"]
[WhiteElo "2432"]
[BlackElo "2166"]
[TimeControl "180+2"]
[EndTime "11:36:39 PDT"]
[Termination "jup1978 won by resignation"]

1. b3 e5 2. Bb2 Nc6 3. e3 Nf6 4. Bb5 Bd6 5. Na3 Qe7 6. Nc4 a6 7. Nxd6+ Qxd6 8. Be2 O-O 9. d3 Qe7 10. e4 d5 11. exd5 Nxd5 12. g3 e4 13. dxe4 Qxe4 14.
f3 Qb4+ 15. Qd2 Qxd2+ 16. Kxd2 Re8 17. Re1 Bf5 18. g4 Bg6 19. Nh3 Rad8 20. Kc1 Ne3 21. Bd1 Nb4 22. Nf4 Bxc2 23. Rxe3 Rxe3 24. Bxc2 Rxf3 25.
Ne2 Rf2 26. Re1 h6 27. a3 Nxc2 28. Kxc2 Rxh2 29. Bc3 Rg2 30. b4 Rxg4 31. Nc1 Rg2+ 32. Kb3 Rg3 33. Re7 c6 34. Ne2 Rf3 35. Rxb7 Rdd3 36. Re7 Rfe3 37. Rxe3 Rxe3 38. Nd4 h5 39. Nxc6 h4 40. Kc4 h3 41. Be5 Rxe5 42. Nxe5 h2 43. Nd7 h1=Q 44. Nc5 Qc6 45. a4 g5 46. b5 axb5+ 47.
axb5 Qb6 48. Na4 Qc7+ 49. Kb4 g4 50. b6 Qc6 0-1

[Event "*** Titled Tuesday 3|2 Blitz"]
[Site "Chess.com"]
[Date "2015.04.07"]
[Round "3"]
[White "eltenedor"]
[Black "HansCoolNiemann"]
[Result "0-1"]
[WhiteElo "1975"]
[BlackElo "1861"]
[TimeControl "180+2"]
[EndTime "11:36:47 PDT"]
[Termination "HansCoolNiemann won on time"]

1. c4 Nf6 2. g3 g6 3. Bg2 Bg7 4. Nc3 O-O 5. e3 c5 6. Nge2 e6 7. O-O Nc6 8. d4 cxd4 9. Nxd4 Nxd4 10. Qxd4 Nd5 11. Qd3 Nxc3 12. bxc3 Qa5 13. Bd2 Rb8 14.
Rfb1 b6 15. Rb5 Qa3 16. e4 Ba6 17. Rb3 Qa4 18. Rb4 Qc6 19. Bf4 Rbc8 20. Rd1 Rfd8 21. e5 Qc5 22. Bf1 Bxe5 23. Bg5 f6 24. Be3 Qe7 25. Ra4 Bb7 26. Rxa7 Bf3 27. Rb1 Rc7 28.
Ra6 f5 29. Rbxb6 Be4 30. Qd2 Rdc8 31. c5 h5 32. a4 h4 33. a5 hxg3 34. fxg3 Rxc5 35.
Ra7 Rxc3 36. Rxd7 Qa3 37. Bh6 Qc5+ 38. Be3 Qxe3+ 39. Qxe3 Rxe3 40. Rxe6 Bb8 41. Rxg6+ Kf8 42. Rf6+ Ke8 43. Bb5 Rc1+ 44. Kf2 Rf3+ 45. Ke2 Rc2+ 46. Ke1 Re3+ 47. Kd1 Bc6 0-1

[Event "*** Titled Tuesday 3|2 Blitz"]
[Site "Chess.com"]
[Date "2015.04.07"]
[Round "3"]
[White "kesarev"]
[Black "AnastasiaProtopopova"]
[Result "1-0"]
[WhiteElo "2199"]
[BlackElo "1953"]
[TimeControl "180+2"]
[EndTime "11:36:59 PDT"]
[Termination "kesarev won by resignation"]

1. Nf3 Nf6 2. c4 e6 3. g3 d5 4.
b3 Be7 5. Bg2 O-O 6. O-O c5 7.
Bb2 d4 8. e3 Nc6 9. exd4 cxd4 10.
Re1 Bc5 11. d3 Re8 12. Na3 e5 13. Nc2 Bf5 14. a3 a5 15. b4 axb4 16. axb4 Bd6 17. b5 Na5 18. Nh4 Bg4 19. Qb1 Nb3 20. Rxa8 Qxa8 21. h3 Bd7 22. Ba3 Nc5 23. Bb4 Qb8 24. Na1 Qc8 25. Kh2 h6 26. Nb3 Nxb3 27. Qxb3 Bxb4 28.
Qxb4 Qc7 29. b6 Qc8 30. Nf3 Qb8 31. Qc5 Bc6 32. Nxe5 Bxg2 33. Kxg2 Rd8 34. Qe7 Rf8 35. Nf3 Re8 36. Qc5 Rxe1 37. Nxe1 Qd8 38. Nf3 Nd7 39.
Qxd4 Kf8 40. c5 Qe7 41. c6 bxc6 42. b7 Nb8 43. Qb6 Qd7 44. d4 Ke7 45. Ne5 Qd5+ 46.
Kh2 Qa2 47. Qc7+ Ke6 48. Qxf7+ 1-0

[Event "*** Titled Tuesday 3|2 Blitz"]
[Site "Chess.com"]
[Date "2015.04.07"]
[Round "3"]
[White "darkknight123456"]
[Black "chesstatour"]
[Result "1-0"]
[WhiteElo "2052"]
[BlackElo "1948"]
[TimeControl "180+2"]
[EndTime "11:37:01 PDT"]
[Termination "darkknight123456 won by resignation"]

1. e4 c6 2. d4 d5 3. Nc3 dxe4 4.
Nxe4 Nf6 5. Nxf6+ gxf6 6. Nf3 Bf5 7. Bd3 Bxd3 8. Qxd3 e6 9. O-O Bd6 10. c4 Qc7 11. h3 Nd7 12. d5 Ne5 13. Nxe5 Bxe5 14.
dxe6 fxe6 15. f4 Rd8 16. Qe2 Bd4+ 17. Kh1 Qf7 18. Re1 O-O 19. Be3 e5 20. fxe5 fxe5 21. Bh6 Rfe8 22. Rad1 Qg6 23. Bc1 Kh8 24. b3 c5 25. a3 Qg7 26. Qe4 b6 27. Rf1 Qg6 28. Qe2 e4 29. Bb2 Qg7 30. Bc1 Rd7 31. Rf4 Rde7 32.
Rdf1 e3 33. R1f3 h6 34. Rg4 Qe5 35. Rg6 Kh7 36. Rfg3 Qe4 37. R6g4 Qf5 38. Rf3 Qe5 39. Qc2+ Qe4 40. Rxe4 Rxe4 41. Qe2 R4e7 42. g4 Re4 43. Kg2 R8e5 44. Rf7+ Kg6 45. Rxa7 h5 46. Rb7 Re6 47. Rd7 hxg4 48. hxg4 Kg5 49. Rd5+ Be5 50. Bxe3+ Kh4 51. Bf2+ Kg5 52. Qxe4 1-0

[Event "*** Titled Tuesday 3|2 Blitz"]
[Site "Chess.com"]
[Date "2015.04.07"]
[Round "3"]
[White "BjarkeSahl"]
[Black "brauliocuarta"]
[Result "1/2-1/2"]
[WhiteElo "2048"]
[BlackElo "2030"]
[TimeControl "180+2"]
[EndTime "11:37:05 PDT"]
[Termination "Game drawn by repetition"]

1. e4 c5 2. Nf3 e6 3. d4 cxd4 4. Nxd4 a6 5. Bd3 Nf6 6. O-O Qc7 7. Be3 Nc6 8. Nxc6 dxc6 9. c4 e5 10. h3 Be7 11. c5 Be6 12. Nd2 Rd8 13. Qc2 O-O 14.
Be2 Rd7 15. Rfd1 Rfd8 16. b4 Bf8 17. a3 h6 18. Nf1 Qc8 19. Ng3 g6 20. Rxd7 Rxd7 21.
Rd1 Qd8 22. Rxd7 Qxd7 23. Qd1 Qxd1+ 24. Bxd1 Bc4 25. f3 Ne8 26. Kf2 Nc7 27. Ke1 Ne6 28. Ne2 Bg7 29. Kd2 f5 30. g3 Kf7 31. h4 Bxe2 32. Bxe2 f4 33. Bf2 fxg3 34. Bxg3 h5 35. Bc4 Ke7 36. Kd3 Nd4 37. f4 exf4 38. Bxf4 Ne6 39.
Bd6+ Kd7 40. Bg3 Bf6 41. e5 Be7 42. Ke4 Bd8 43. Be2 Be7 44. Bd1 Bd8 45. Bc2 Be7 46.
Ke3 Nf8 47. Kf4 Ke6 48. Bb3+ Kd7 49. Bf7 Bd8 50. Ke4 Ke7 51. Bc4 Ne6 52. Bb3 Kf7 53.
Bd1 Ke7 54. Be2 Kd7 55. Bf1 Ke7 56. a4 Kd7 57. Be2 Be7 58. Bf1 Bd8 59. Bh3 Be7 60.
Bf1 Bd8 1/2-1/2

[Event "*** Titled Tuesday 3|2 Blitz"]
[Site "Chess.com"]
[Date "2015.04.07"]
[Round "3"]
[White "AnthonyWirig"]
[Black "zmaj23"]
[Result "0-1"]
[WhiteElo "2468"]
[BlackElo "2398"]
[TimeControl "180+2"]
[EndTime "11:37:07 PDT"]
[Termination "zmaj23 won by resignation"]

1. d4 c5 2. d5 f5 3. Nc3 e5 4.
dxe6 dxe6 5. Qxd8+ Kxd8 6. Bg5+ Ke8 7. Nb5 Na6 8. O-O-O Nf6 9. f3 Bd7 10. Nd6+ Bxd6 11.
Rxd6 Ke7 12. Rd2 Bc6 13. e3 Nc7 14. Nh3 Rad8 15. Rxd8 Rxd8 16. Be2 e5 17. Rd1 Rxd1+ 18. Bxd1 h6 19. Bh4 g5 20. Be1 Ke6 21. Nf2 Ncd5 22.
Kd2 b5 23. e4 fxe4 24. fxe4 Nb6 25. Be2 a6 26. Ke3 Bxe4 27. Nxe4 Nbd5+ 28. Kf3 g4+ 29.
Kg3 Nxe4+ 30. Kxg4 Nef6+ 31. Kf3 e4+ 32. Kf2 Nb4 33. c4 Nd3+ 34. Bxd3 exd3 35. cxb5 axb5 36. Ke3 c4 37. h3 Kd5 38. g4 Ne4 39. h4 Ke5 40. Ba5 Kd5 41. Be1 Nf6 42. g5 hxg5 43.
hxg5 Ng4+ 44. Kf4 Ne5 45. Bc3 Ng6+ 46. Kf5 Nh4+ 47. Kg4 Ng6 48. Kf5 Nh4+ 49. Kf4 Ng6+ 50.
Ke3 Ne7 51. b3 Nf5+ 52. Kf4 Ne7 53. bxc4+ bxc4 54. a4 Ng6+ 55. Kf5 Ne7+ 56. Kf6 Kd6 57. Kf7 Nd5 58. Be1 c3 59. Bxc3 Nxc3 60. g6 Nd5 61. g7 Ne7 62. a5 d2 63. a6 d1=Q 0-1

[Event "*** Titled Tuesday 3|2 Blitz"]
[Site "Chess.com"]
[Date "2015.04.07"]
[Round "3"]
[White "Ar4uha"]
[Black "pKiLz5Rn9b"]
[Result "1/2-1/2"]
[WhiteElo "2460"]
[BlackElo "2319"]
[TimeControl "180+2"]
[EndTime "11:37:15 PDT"]
[Termination "Game drawn by agreement"]

1. e4 e6 2. c4 d5 3. exd5 exd5 4. cxd5 Nf6 5. Bb5+ Nbd7 6. Nc3 Bd6 7. d4 O-O 8. Nge2 Nb6 9. O-O Nbxd5 10. Ng3 c6 11. Bd3 Bg4 12. f3 Be6 13. a3 Qb6 14. Bc2 Rad8 15.
Qd3 Bxg3 16. hxg3 Ne7 17. Na4 Qxd4+ 18. Qxd4 Rxd4 19. Be3 Rdd8 20. Bxa7 Bf5 21. Bb3 Ned5 22. Bc5 Rfe8 23. Rfe1 Be6 24. Bc2 b5 25. Nb6 Nxb6 26.
Bxb6 Rd2 27. Rac1 Nd5 28. Ba5 Rd4 29. Be4 Rc8 30. Red1 Rxd1+ 31. Rxd1 f5 32. Bb1 Kf7 33. Kf2 g6 34. Rc1 Ne7 35. Bd2 Bc4 36. Bg5 Nd5 37. Bc2 Nb6 38. g4 fxg4 39. fxg4 Be6 40. Kg3 Nc4 41.
Rh1 Kg8 42. Bc1 Bd5 43. b3 Nd6 44. Bb2 Ne4+ 45. Kf4 Rf8+ 46. Ke3 Re8 47. Kd4 Ng3 48.
Rh3 Re2 49. Rxg3 Rxc2 50. Ba1 Rxg2 51. Rxg2 Bxg2 52. g5 Kf7 53. Ke5 Bd5 54. b4 Ke7 55. Bd4 Kd7 1/2-1/2

[Event "*** Titled Tuesday 3|2 Blitz"]
[Site "Chess.com"]
[Date "2015.04.07"]
[Round "3"]
[White "alturas_pacificas"]
[Black "AccioChess"]
[Result "1-0"]
[WhiteElo "2129"]
[BlackElo "2069"]
[TimeControl "180+2"]
[EndTime "11:37:22 PDT"]
[Termination "alturas_pacificas won on time"]

1. d4 d5 2. Bf4 Nf6 3. e3 g6 4. c4 Bg7 5. Nc3 O-O 6. Nf3 c5 7. dxc5 Ne4 8. Rc1 Qa5 9. Qc2 Nxc3 10. bxc3 dxc4 11. Bxc4 Qxc5 12. Bb3 Nc6 13. O-O e5 14.
Bg3 Bf5 15. e4 Bg4 16. Bd5 Bxf3 17. gxf3 Ne7 18. Bxb7 Rab8 19. Rb1 h6 20. Rfd1 Rfd8 21. Rxd8+ Rxd8 22. Rd1 Rxd1+ 23. Qxd1 Bf6 24. Qd3 Kg7 25. c4 g5 26. Bd5 h5 27. h3 h4 28. Bh2 a5 29. Qb3 Ng6 30. Kg2 Be7 31. Qb5 Qxb5 32. cxb5 Bc5 33. f4 exf4 34. f3 Ne5 35. Bg1 Bxg1 36.
Kxg1 Nxf3+ 37. Kf2 Ne5 38. b6 Kg6 39. b7 Nd7 40.
Kf3 Ne5+ 41. Kf2 Nd7 42. Kf3 f5 43. exf5+ Kxf5 44. Be4+ Ke5 45. Bc2 Kd6 46. Kg4 Kc7 47.
Kxg5 f3 48. Bd3 Ne5 49. Bf1 Kxb7 50. Kf4 Nc6 51. Kxf3 1-0

[Event "*** Titled Tuesday 3|2 Blitz"]
[Site "Chess.com"]
[Date "2015.04.07"]
[Round "3"]
[White "1stSecond"]
[Black "megarompa"]
[Result "0-1"]
[WhiteElo "2385"]
[BlackElo "2697"]
[TimeControl "180+2"]
[EndTime "11:37:57 PDT"]
[Termination "megarompa won by resignation"]

1. d4 d5 2. c4 e5 3. dxe5 d4 4. Nf3 Nc6 5. g3 f6 6. e6 Bxe6 7. Nbd2 Bc5 8. Bg2 Nge7 9. O-O Bb6 10. Ne1 O-O 11. Nd3 a5 12. a3 a4 13. Rb1 Ra5 14.
b4 axb3 15. Nxb3 Ra8 16. Nbc5 Bc8 17. Na4 Ba5 18. c5 Kh8 19. Bb2 Bf5 20. Rc1 Qd7 21.
Qb3 Rab8 22. Rfd1 Bg4 23. Qc2 Rfe8 24. Nf4 Bf5 25. Qc4 Rbd8 26. e3 d3 27. Nc3 d2 28.
Ra1 Bc2 29. Ncd5 Bxd1 30. Rxd1 Nxd5 31. Nxd5 Ne5 32. Qc2 c6 33. Nb4 Bxb4 34. axb4 Qe7 35. h3 Rd7 36. Bd4 Red8 37. Rxd2 Qe6 38. Kh2 Ra8 39.
Be4 Re8 40. Bf5 Qe7 41. Bxd7 Nf3+ 42. Kh1 Qxd7 43. g4 Nxd2 44. Qxd2 Qd5+ 45. Kh2 Qf3 46. Qb2 h5 47. g5 fxg5 48. Bxg7+ Kh7 49. Be5 Kg6 50.
Kg1 Qd1+ 51. Kh2 Re6 52. Bh8 Qd7 53. Qc2+ Kh6 54. Qf5 Qe7 55. Bd4 Rg6 56. Kg3 h4+ 57. Kg4 Qe6 58. Be5 Qxf5+ 59. Kxf5 g4 60. hxg4 Rg5+ 61.
Kf6 Rxe5 62. Kxe5 h3 63. Kf6 h2 64. g5+ Kh7 65. g6+ Kg8 66. f4 h1=Q 67. Kf5 Qd5+ 68.
Kg4 Kg7 69. f5 Qe4+ 70. Kg5 Qxe3+ 0-1

[Event "*** Titled Tuesday 3|2 Blitz"]
[Site "Chess.com"]
[Date "2015.04.07"]
[Round "3"]
[White "petrpalachev"]
[Black "Daniel_Fridman"]
[Result "0-1"]
[WhiteElo "2434"]
[BlackElo "2636"]
[TimeControl "180+2"]
[EndTime "11:38:10 PDT"]
[Termination "Daniel_Fridman won by checkmate"]

1. d4 Nf6 2. c4 e6 3. Nc3 Bb4 4. e3 c5 5. Nf3 cxd4 6. exd4 d5 7. Bd3 dxc4 8. Bxc4 O-O 9. O-O b6 10.
Bg5 Bb7 11. Qe2 Bxc3 12. bxc3 Nbd7 13. Nd2 Qc7 14. Rac1 Rfe8 15. Rfe1 a6 16. Bd3 h6 17. Bh4 b5 18. f3 Nd5 19. Bg3 Qb6 20. Qf2 N7f6 21.
Be5 Qd8 22. Ne4 Qe7 23. Nc5 Rac8 24. Qb2 Nd7 25. Nxb7 Nxe5 26. Rxe5 Qxb7 27. c4 Nf6 28. cxb5 Rxc1+ 29. Qxc1 axb5 30. Bxb5 Rd8 31. Qb2 Qa7 32. Rc5 e5 33. Rxe5 Rxd4 34. Qf2 Rd1+ 35. Bf1 Qa3 36.
Re1 Rxe1 37. Qxe1 Qxa2 38. Qf2 Qa3 39. g3 g5 40. Kg2 Kg7 41. Qd2 Qc5 42. Qf2 Qc3 43.
Qe2 Nd5 44. Kf2 Qd4+ 45. Kg2 Ne3+ 46. Kh1 Qc3 47. Kg1 Qc5 48. Qf2 Qc1 49. Qe2 h5 50. Kf2 Nd1+ 51. Kg2 Kf6 52. Qa6+ Kg7 53. Qe2 Ne3+ 54. Kf2 Nd1+ 55. Kg2 Qa1 56. Qd2 f6 57. Be2 Nc3 58. Qd7+ Kh6 59. Bd3 Qa2+ 60. Kh3 Qg8 61. Qc6 g4+ 62. Kg2 Qa2+ 63. Kg1 Qa1+ 64. Kf2 Qb2+ 65.
Ke3 Nd1+ 66. Ke4 Qe5# 0-1

[Event "*** Titled Tuesday 3|2 Blitz"]
[Site "Chess.com"]
[Date "2015.04.07"]
[Round "3"]
[White "facu57"]
[Black "SCIM"]
[Result "0-1"]
[WhiteElo "2118"]
[BlackElo "2079"]
[TimeControl "180+2"]
[EndTime "11:38:39 PDT"]
[Termination "SCIM won by resignation"]

1. e4 g6 2. Nc3 Bg7 3. g3 d6 4.
Bg2 Nf6 5. d3 O-O 6. f4 e5 7. Nf3 exf4 8. Bxf4 Nc6 9. O-O Nh5 10.
Be3 Bg4 11. Qd2 Re8 12. Rae1 Ne5 13. Nxe5 dxe5 14. Bh6 Be6 15. Be3 c6 16. Bf3 Nf6 17.
a3 Ng4 18. Bxg4 Bxg4 19. Qf2 Qd7 20. Qd2 Be6 21. Bh6 Bh8 22. Bg5 b5 23. Bf6 Bxf6 24.
Rxf6 Qd4+ 25. Qf2 Qxf2+ 26. Rxf2 a5 27. Nd1 b4 28. a4 b3 29. c4 Red8 30. Re3 Bxc4 31.
Rd2 Be6 32. Nc3 Rd4 33. Kf2 Rad8 34. Ke2 Kg7 35. Kf2 c5 36. h4 h6 37. Ke2 c4 38. Nb5 cxd3+ 39. Kf2 Rxa4 40. Na3 Rad4 41. Re1 Rc8 42. Ke3 Rcd8 43. Rc1 f5 44. exf5 gxf5 45. Rc5 Kf6 46. Rxa5 f4+ 47. gxf4 exf4+ 48. Kf2 Bg4 49. Ra6+ R8d6 50. Ra8 Rd8 51. Ra6+ R4d6 52. Ra4 Kf5 53. Nb5 Rd5 54. Nc3 Re5 55. Rb4 Be2 56. Rxb3 Rg8 57. Rb7 f3 58. Rf7+ Ke6 59. Rxf3 Bxf3 60. Kxf3 Rf8+ 61.
Kg2 Re3 62. Nb5 Ke5 63. Na3 Re2+ 64. Kg3 Rxd2 65. Nc4+ Ke4 66. Nxd2+ Ke3 67. Nc4+ Ke2 68. b4 Rc8 69. Nb2 Rb8 70. Nxd3 Kxd3 71. Kg4 Rxb4+ 72.
Kh5 Ke3 73. Kxh6 Rxh4+ 0-1

[Event "*** Titled Tuesday 3|2 Blitz"]
[Site "Chess.com"]
[Date "2015.04.07"]
[Round "3"]
[White "guillead1"]
[Black "Recombinant"]
[Result "1-0"]
[WhiteElo "2392"]
[BlackElo "2141"]
[TimeControl "180+2"]
[EndTime "11:39:19 PDT"]
[Termination "guillead1 won by resignation"]

1. d4 d5 2. c4 c6 3. Nf3 Nf6 4. g3 g6 5. Bg2 Bg7 6. O-O O-O 7. Ne5 Nbd7 8. Nc3 dxc4 9. Nxc4 Nb6 10. Ne5 Nfd7 11. Nf3 e5 12. Bg5 Qe8 13. dxe5 Nxe5 14. Nxe5 Qxe5 15. Bf4 Qa5 16. Qc1 Be6 17. Bh6 Rad8 18.
Ne4 Bd5 19. Bxg7 Kxg7 20. Nc5 Bxg2 21. Kxg2 Rde8 22. Re1 Re7 23. Qg5 Nd5 24. Nb3 Qc7 25.
e4 Nb4 26. Qc5 Na6 27. Qxa7 Rfe8 28. Qd4+ Kg8 29. Re3 Rd7 30. Qc4 Qe5 31. Qc3 Qe7 32. Rae1 Nc7 33. Nc5 Rdd8 34. Nxb7 Rb8 35. Nc5 Nb5 36.
Qc1 Nd4 37. Nd3 Ne6 38. b4 Rec8 39. a3 Ra8 40. Nc5 Nd4 41. Qc4 Nb5 42. a4 Nd6 43. Qc3 Ne8 44. e5 Nc7 45. Ne4 Nd5 46. Nf6+ Kf8 47. Nxd5 cxd5 48. Qd4 Rxa4 49. Qxd5 Rxb4 50.
e6 fxe6 51. Rxe6 Qb7 52. Qxb7 Rxb7 53. R6e3 Kg7 54. Rd3 Rf8 55. Re2 Rbf7 56. Red2 h6 57. h3 Rf6 58. Rd7+ R6f7 59. R7d5 Rf6 60. h4 R6f7 61.
R5d4 Rf6 62. Rg4 R6f7 63. h5 Rf6 64. hxg6 Rxg6 65. Rd7+ Rf7 66. Rxf7+ Kxf7 67. Rxg6 Kxg6 68. Kh3 Kg5 69. f4+ Kg6 70. Kh4 h5 71. Kh3 Kf5 72. Kh4 Kg6 73. f5+ Kh6 74. f6 Kg6 75. f7 Kxf7 76.
Kxh5 Kf8 77. Kg6 Kg8 78. g4 Kh8 79. Kf7 Kh7 80. g5 Kh8 81. Kg6 Kg8 82. Kh6 Kh8 83. g6 1-0

[Event "*** Titled Tuesday 3|2 Blitz"]
[Site "Chess.com"]
[Date "2015.04.07"]
[Round "3"]
[White "GeorgMeier"]
[Black "MITerryble"]
[Result "1-0"]
[WhiteElo "2727"]
[BlackElo "2485"]
[TimeControl "180+2"]
[EndTime "11:39:26 PDT"]
[Termination "GeorgMeier won by resignation"]

1. Nf3 Nf6 2. g3 d5 3. Bg2 Bg4 4. c4 dxc4 5. Ne5 c6 6. Na3 Be6 7. Naxc4 Nbd7 8. O-O g6 9. d3 Bg7 10. Qc2 O-O 11. Bd2 Nxe5 12. Nxe5 Ng4 13. Nf3 h6 14. a3 a5 15. Bc3 a4 16. Rac1 Bxc3 17. Qxc3 Qa5 18.
Nd4 Bd7 19. Rc2 e5 20. Nf3 Rfe8 21. Rb1 Nf6 22. Nd2 Be6 23. Nc4 Bxc4 24. Qxc4 Kg7 25. Bf3 Re7 26. Kg2 Ne8 27. Qc5 Qxc5 28. Rxc5 Nd6 29.
h4 f5 30. e3 Kf6 31. Rd1 Ra6 32. d4 e4 33. Be2 Ra8 34. Rdc1 Nf7 35. R1c4 Nd6 36.
Rb4 g5 37. hxg5+ hxg5 38. Bd1 f4 39. gxf4 gxf4 40. exf4 Rg8+ 41. Kf1 e3 42. Bf3 Nf5 43. Re5 Nh4 44. Be4 Rd7 45. fxe3 Rg3 46. Kf2 Rh3 47. Rg5 Re7 48. d5 cxd5 49. Rxd5 Kf7 50. Rh5 Kg8 51.
Bd5+ Kf8 52. Re4 Rd7 53. Ree5 Kg7 54. Reg5+ Kf8 55. Rh8+ Ke7 56. Rgh5 Kd6 57. Rxh4 Rxh4 58.
Rxh4 Kxd5 59. Kf3 Kc4 60. Rh6 b5 61. Rb6 Rd2 62. f5 Rxb2 63. f6 Rb1 64. Ke4 Re1 65.
Kf4 Rf1+ 66. Ke5 Rf3 67. e4 Rxa3 68. f7 Rf3 69. Rf6 Rxf6 70. Kxf6 a3 71. f8=Q b4 72. e5 Kc3 73. e6 a2 74. Qc5+ Kb3 75. Qd5+ Kb2 76.
Qe5+ Kb1 77. Qe1+ Kc2 78. e7 b3 79. e8=Q b2 80. Q8e2+ Kb3 81. Qd3+ Ka4 82. Qee4+ 1-0

[Event "*** Titled Tuesday 3|2 Blitz"]
[Site "Chess.com"]
[Date "2015.04.07"]
[Round "4"]
[White "lukas_111111"]
[Black "chessloveyou"]
[Result "1-0"]
[WhiteElo "2324"]
[BlackElo "2112"]
[TimeControl "180+2"]
[EndTime "11:42:05 PDT"]
[Termination "lukas_111111 won by resignation"]

1. d4 Nf6 2. c4 g6 3. Nc3 d5 4. cxd5 Nxd5 5. e4 Nxc3 6. bxc3 Bg7 7. Be3 c5 8. Rc1 O-O 9. Qd2 Nc6 10. d5 Ne5 11. Bxc5 e6 12. Bxf8 Qxf8 13. d6 f6 14. f4 Nc6 15. d7 1-0